Map: Dusk Towers

Players

Princess - Winner!

  • Race: Protoss Protoss
  • League: Diamond

LilDicky

  • Race: Terran Terran
  • League: Diamond

VOD

http://www.twitch.tv/tumescentpie

Description

Time

  • Played on: Dec. 12, 2015, 3:52 p.m.
  • Length: 8:57
Show
View Real Time Build Order
Export as new Build Order

Princess Protoss - Winner!

Build Orders:  

Get SALT Encoding   

  12  0:01  Probe (Chrono Boost)  
  13  0:11  Probe (Chrono Boost)  
  14  0:17  Pylon  
  14  0:22  Probe (Chrono Boost)  
  15  0:36  Probe (Chrono Boost), Gateway  
  16  0:46  Probe (Chrono Boost)  
  17  0:50  Assimilator  
  18  0:57  Probe (Chrono Boost)  
  18  1:02  Assimilator  
  18  1:07  Probe (Chrono Boost)  
  19  1:18  Probe (Chrono Boost)  
  20  1:23  Cybernetics Core  
  20  1:28  Probe (Chrono Boost)  
  21  1:39  Probe (Chrono Boost)  
  22  1:49  Probe (Chrono Boost)  
  23  1:55  Pylon  
  23  2:04  Warp Gate  
  23  2:13  Stalker  
  25  2:25  Probe (Chrono Boost)  
  25  2:34  Nexus  
  25  2:36  Probe (Chrono Boost)  
  26  2:43  Pylon  
  26  2:45  Stalker  
  26  2:47  Mothership Core (Chrono Boost)  
  30  2:53  Pylon  
  30  3:03  Robotics Facility  
  30  3:06  Probe (Chrono Boost)  
  31  3:16  Probe (Chrono Boost)  
  32  3:20  Sentry  
  35  3:27  Probe (Chrono Boost)  
  35  3:30  Pylon  
  35  3:37  Probe (Chrono Boost)  
  35  3:39  Gateway  
  36  3:41  Gateway  
  36  3:46  Sentry  
  38  3:49  Probe (Chrono Boost)  
  38  3:53  Probe (Chrono Boost)  
  40  3:58  Observer  
  40  4:00  Probe (Chrono Boost)  
  42  4:03  Probe (Chrono Boost)  
  42  4:08  Pylon  
  43  4:10  Probe (Chrono Boost)  
  43  4:14  Probe (Chrono Boost)  
  45  4:18  Pylon  
  45  4:21  Probe (Chrono Boost)  
  45  4:22  Assimilator  
  46  4:24  Probe (Chrono Boost)  
  47  4:31  Probe (Chrono Boost)  
  47  4:35  Probe (Chrono Boost)  
  47  4:37  Adept x2  
  53  4:39  Stalker  
  53  4:42  Probe (Chrono Boost)  
  53  4:44  Probe (Chrono Boost)  
  57  4:49  Observer (Chrono Boost)  
  58  4:53  Probe, Assimilator  
  58  4:54  Probe  
  60  5:05  Probe x2  
  62  5:11  Stalker x2  
  62  5:12  Stalker  
  64  5:17  Probe  
  64  5:18  Probe  
  64  5:28  Probe  
  64  5:32  Twilight Council, Pylon  
  64  5:34  Gateway x2  
  65  5:38  Probe  
  66  5:50  Probe  
  67  6:00  Adept x3  
  69  6:14  Immortal (Chrono Boost)  
  69  6:16  Pylon  
  69  6:17  Blink (Chrono Boost)  
  73  6:19  Probe  
  73  6:22  Pylon  
  73  6:23  Pylon  
  73  6:25  Templar Archives  
  74  6:26  Adept  
  74  6:27  Adept x2  
  80  6:33  Probe  
  80  6:39  Probe  
  82  6:48  Pylon  
  82  6:49  Probe x2  
  82  6:50  Immortal, Pylon  
  88  7:00  Adept x2  
  88  7:01  Adept x2  
  96  7:12  Stalker  
  98  7:22  Stalker  
  98  7:23  Stalker x3  
  100  7:33  Probe, Psionic Storm  
  99  7:39  Stalker  
  91  8:07  Immortal  
  95  8:16  High Templar  
  95  8:17  Zealot x3, High Templar  
  105  8:26  Archon  
  95  8:48  Nexus  
  95  8:50  Pylon  
Show
View Real Time Build Order
Export as new Build Order

LilDicky Terran 

Build Orders: Banshee Rush 

Get SALT Encoding   

  12  0:01  SCV  
  13  0:13  SCV  
  14  0:17  Supply Depot  
  14  0:26  SCV  
  15  0:33  Refinery  
  15  0:39  SCV  
  16  0:44  Barracks  
  16  0:51  SCV  
  17  1:03  SCV  
  18  1:15  SCV  
  19  1:21  Refinery  
  19  1:27  SCV  
  20  1:37  Supply Depot  
  20  1:38  Marine  
  21  1:40  Orbital Command  
  21  1:55  Marine  
  22  2:12  Factory  
  22  2:16  SCV  
  22  2:17  Marine  
  24  2:28  SCV  
  25  2:30  Supply Depot  
  25  2:37  Marine  
  25  2:40  SCV  
  27  2:53  SCV  
  27  2:55  Factory Tech Lab, Marine  
  27  2:57  Starport  
  29  3:02  Supply Depot, Starport  
  29  3:05  SCV  
  30  3:12  Marine  
  30  3:17  SCV  
  32  3:24  Factory Tech Lab  
  32  3:29  SCV  
  32  3:30  Marine  
  34  3:39  Cloaking Field  
  34  3:41  Banshee, SCV  
  38  3:48  Marine  
  38  3:49  Banshee  
  38  3:53  SCV  
  38  3:54  Widow Mine  
  45  4:05  Supply Depot, SCV  
  45  4:06  Marine  
  47  4:17  Command Center  
  47  4:26  SCV  
  47  4:29  Banshee  
  51  4:36  Supply Depot  
  51  4:38  SCV  
  51  4:43  Banshee  
  55  4:57  SCV, Marine  
  54  5:21  Widow Mine  
  54  5:22  Banshee  
  59  5:29  Banshee  
  59  5:32  Orbital Command  
  59  5:34  SCV  
  63  5:37  Supply Depot  
  63  5:47  SCV  
  61  6:05  Banshee  
  64  6:12  Banshee  
  64  6:14  SCV  
  69  6:22  Barracks  
  69  6:23  Supply Depot, Barracks  
  69  6:24  Barracks  
  68  6:29  Refinery x2  
  68  6:30  Barracks Tech Lab  
  65  6:48  Banshee  
  68  6:54  Banshee  
  68  6:56  Marine  
  69  7:14  Marine  
  60  7:25  Marine x2  
  59  7:31  Banshee  
  59  7:32  Marine  
  63  7:37  Banshee  
  63  7:49  Marine  
  61  7:56  Marine x3  
  58  8:07  Marine  
  59  8:13  SCV x2, Banshee  
  59  8:14  Marine x3  
  67  8:21  Command Center  
  67  8:25  Marine  
  67  8:31  Marine x2  
  67  8:32  Marine  
Tags
 
Add a new tag
Caveats
  • Supply blocks, unpowered buildings, or Contaminate may cause inaccurate times.
  • Supply counts are checked every 10 seconds.